 Seeded DCSS version 0.29.1-13-g9f3cf754e1 (webtiles) character file.

Game seed: 18334199546629406935 (custom seed)

593 mathmaestro the Purveyor of Pain (level 7, -1/53 HPs)
             Began as a Demonspawn Necromancer on Jan 30, 2023.
             Was an Initiate of Kikubaaqudgha.
             Slain by a troll (18 damage)
             ... on level 5 of the Dungeon.
             The game lasted 00:10:31 (4468 turns).

mathmaestro the Purveyor of Pain (DsNe)             Turns: 4468, Time: 00:10:31

Health: -1/53      AC:  5    Str: 15    XL:     7   Next: 16%
Magic:  10/12      EV: 13    Int: 18    God:    Kikubaaqudgha [......]
Gold:   272        SH:  0    Dex: 13    Spells: 5/13 levels left

rFire   . . .      SeeInvis .   s - +4 flail (protect)
rCold   . . .      Faith    .   (no shield)
rNeg    . . .      Spirit   .   a - +0 robe
rPois   .          Reflect  .   (helmet restricted)
rElec   .          Harm     .   t - +0 cloak
rCorr   .          Rampage  .   l - +0 pair of gloves
Will    .....                   (no boots)
Stlth   ++........              (no amulet)
HPRegen 0.17/turn               g - +6 ring of strength
MPRegen 0.26/turn               n - ring of flight

@: animating dead, flying
A: antennae 1, rugged brown scales 1, powered by death 1, magic regeneration
a: Renounce Religion


You were on level 5 of the Dungeon.
You worshipped Kikubaaqudgha.
Kikubaaqudgha was noncommittal.
You visited 1 branch of the dungeon, and saw 5 of its levels.
You also visited: Sewer.

You collected 272 gold pieces.

Inventory:

Hand Weapons
 s - a +4 flail of protection (weapon)
Missiles
 A - 4 javelins
 E - 2 boomerangs
Armour
 a - a +0 robe (worn)
 l - a +0 pair of gloves (worn)
 t - a +0 cloak (worn)
Jewellery
 g - a +6 ring of strength (left hand)
 n - a ring of flight (right hand)
Scrolls
 e - 2 scrolls of identify
 f - 3 scrolls of immolation
 k - 3 scrolls of teleportation {unknown}
 m - 3 scrolls of magic mapping {unknown}
 o - 3 scrolls of fog
 p - a scroll of blinking
 q - a scroll of fear {unknown}
 x - a scroll of amnesia {unknown}
 y - a scroll of enchant armour {unknown}
 B - a scroll of enchant weapon {unknown}
Potions
 b - a potion of magic
 c - 4 potions of curing {unknown}
 d - 3 potions of attraction {unknown}
 h - 2 potions of haste {unknown}
 i - 3 potions of might
 j - 3 potions of degeneration {unknown}
 r - a potion of flight {unknown}
 u - 2 potions of heal wounds {unknown}
 v - a potion of cancellation {unknown}
 w - a potion of mutation {unknown}
 z - a potion of invisibility {unknown}
 C - a potion of berserk rage {unknown}
 D - 2 potions of lignification {unknown}


   Skills:
 + Level 3.1 Fighting
 + Level 3.5 Dodging
 + Level 3.7 Stealth
 + Level 3.5 Spellcasting
 + Level 5.8 Necromancy


You had 5 spell levels left.
You knew the following spells:

 Your Spells              Type           Power      Damage    Failure   Level
a - Necrotise             Necr           96%        1d8       1%          1
b - Vampiric Draining     Necr           24%        2d7       4%          3
c - Animate Dead          Necr           24%        N/A       14%         4

Your spell library contained the following spells:

 Spells                   Type           Power      Damage    Failure   Level
 Slow                     Hex            12%        N/A       16%         1
 Agony                    Necr           24%        N/A       36%         5
 Confusing Touch          Hex            3%         N/A       43%         3


Dungeon Overview and Level Annotations

Branches:
Dungeon (5/15)              Sewer (visited)
 Temple: D:4-7

Altars:
Kikubaaqudgha

Annotations:
D:4 1 runed translucent door, nshep25's ghost, amateur DsDe


Innate Abilities, Weirdness & Mutations

You have a pair of small antennae on your head.
You are partially covered in rugged brown scales. (AC +1, +3% HP)
You regenerate a little health from kills.
You regenerate magic rapidly.


Message History

The dead are walking!
You thump the gnoll!
You kill the gnoll!
Kikubaaqudgha accepts your kill.
The dead are walking!
The gnoll hits your gnoll zombie with a +0 whip.
Your hound zombie bites the gnoll.
You swap places.
Your hound zombie closely misses the gnoll.
The gnoll barely misses you.
Your hound zombie bites the gnoll.
Things that are here:
a +0 whip; a quokka corpse You sock the gnoll!
You kill the gnoll!
Kikubaaqudgha accepts your kill.
You swap places.
Things that are here:
a +0 whip; a gnoll corpse The troll bites your hound zombie!!
The troll claws your hound zombie. The troll claws your hound zombie!
Your hound zombie is destroyed!
A gnoll comes into view. It is wielding a +0 club.
Casting: Animate Dead (quite dangerous; 14% risk of failure)
Confirm with . or Enter, or press ? or * to list all spells.
Aiming: Necrotise (safe; 1% risk of failure)
Press: ? - help, Shift-Dir - straight line, f - troll
Aim: a troll (ally target, chance to affect: 83%)
The troll writhes in agony.
Unknown command.
You closely miss the troll. Your punch misses the troll.
The troll is lightly wounded.
The troll bites you but does no damage. The troll claws you!
The troll claws you.
The gnoll throws a stone.
The stone hits you but does no damage.
Your gnoll zombie misses the troll.
You barely miss the troll. The troll bites you!! The troll claws you.
The troll claws you but does no damage.
Your gnoll zombie hits the troll but does no damage.
The troll bites you!!
You die...
Kikubaaqudgha rasps: "You have failed me!
Welcome... death!"

#.####.....###...........#
...........+ ##.#.##.....#
......>.... #......#))#.#
#...#....# #..#......#.#
#.......##.#..###....#.####
####..........#.........#....#
..#####....####.####<.#.####.#
#.#.........TZ..#####......#.#
#.#.###..####@.)).....#[##.#..
#.# #...###.#######.#..#.### #.#
#.#..##.# #.{......#.# #.#
#.##.##g# #.#......#.#
####.#.###.##..#.###.#.######.#
...#.#.....h.#.......#........#
.....######..##..#####..#########
.#.### #..###........#.......#
{#.# #######.#####..##.##.#####.#


You could see a troll (ally target), a gnoll and a friendly gnoll zombie.

Vanquished Creatures
  An ogre (D:4)
  A phantom (D:5)
  2 bullfrogs (Sewer)
  A jelly (D:4)
  A hound (D:5)
  An orc wizard (D:5)
  6 gnolls
  5 adders
  An ufetubus (D:4)
  A worm (D:3)
  2 dart slugs
  9 orcs
  9 endoplasms
  2 giant cockroaches
  2 goblins
  2 hobgoblins (D:1)
  3 quokkas
  12 ball pythons
  4 bats
  A frilled lizard (Sewer)
  4 kobolds
  21 rats
91 creatures vanquished.

Vanquished Creatures (collateral kills)
  A river rat (Sewer)
  An adder (Sewer)
  A hobgoblin (D:2)
  8 ball pythons
  A frilled lizard (Sewer)
  7 rats
19 creatures vanquished.

Vanquished Creatures (others)
  A hound zombie (D:5)
  2 ball python zombies (Sewer)
  3 orc zombies (D:5)
  2 withered plants (D:4)
8 creatures vanquished.

Grand Total: 118 creatures vanquished

Notes
Turn   | Place    | Note
-------+----------+-------------------------------------------
     0 | D:1      | mathmaestro the Demonspawn Necromancer began the quest for
                  | the Orb.
     0 | D:1      | Reached XP level 1. HP: 13/13 MP: 3/3
   384 | D:1      | Gained mutation: You are partially covered in rugged brown
                  | scales. (AC +1, +3% HP) [demonic ancestry]
   384 | D:1      | Reached XP level 2. HP: 14/20 MP: 1/5
  1343 | D:2      | Reached skill level 1 in Fighting
  1363 | D:2      | Reached XP level 3. HP: 26/26 MP: 2/6
  1367 | D:2      | Learned a level 3 spell: Vampiric Draining
  1695 | D:2      | Gained mutation: You have a pair of small antennae on your
                  | head. [demonic ancestry]
  1695 | D:2      | Reached XP level 4. HP: 22/32 MP: 0/7
  1799 | D:2      | Learned a level 4 spell: Animate Dead
  1957 | D:3      | Found a glowing drain.
  2012 | D:3      | Found a faded altar of an unknown god.
  2041 | Sewer    | Entered a sewer
  2305 | Sewer    | Reached skill level 5 in Necromancy
  2392 | Sewer    | Reached XP level 5. HP: 39/39 MP: 6/9
  2449 | Sewer    | Gained mutation: You regenerate magic rapidly. [demonic
                  | ancestry]
  2449 | Sewer    | Reached XP level 6. HP: 38/47 MP: 6/10
  3216 | D:4      | Found an ancient bone altar of Kikubaaqudgha.
  3225 | D:4      | Became a worshipper of Kikubaaqudgha
  3411 | D:4      | Found a runed translucent door.
  3700 | D:4      | Noticed nshep25's ghost (amateur DsDe)
  4043 | D:5      | Entered Level 5 of the Dungeon
  4263 | D:5      | Gained mutation: You regenerate a little health from kills.
                  | [demonic ancestry]
  4263 | D:5      | Reached XP level 7. HP: 52/53 MP: 5/12
  4413 | D:5      | Noticed a troll
  4468 | D:5      | Slain by a troll

Illustrated notes

Levels and vault maps discovered:
D:1:      shiori_shiawase, layout_loops_ring, st_stairs_7
D:2:      layout_basic, minmay_large_rounded_square
D:3:      layout_basic, portal_sewer_entry_a, hellmonk_ecumenical_altar_blasted
D:4:      layout_loops_corners, kiku_gazebo_garden_becter, ebering_ghost_sewer_d
D:5:      layout_basic

Skill      XL: |  1  2  3  4  5  6 |
---------------+-------------------+-----
Stealth        | 2 3 |  3.7
Dodging        | 2 3 |  3.5
Fighting       | 1 2 3 |  3.1
Necromancy     | 5 |  5.8
Spellcasting   | 3 |  3.5

Action                   |  1- 3 |  4- 6 |  7- 9 || total
-------------------------+-------+-------+-------++-------
Melee: Whip              |     9 |       |       ||     9
       Flail             |       |    61 |    26 ||    87
 Cast: Necrotise         |    61 |    55 |     3 ||   119
       Animate Dead      |       |     2 |     2 ||     4
       Vampiric Draining |       |     6 |     4 ||    10
  Use: Scroll            |       |     5 |       ||     5
 Stab: Distracted        |       |     1 |       ||     1
       Sleeping          |       |     2 |       ||     2
Armor: Robe              |     3 |    30 |    24 ||    57
Dodge: Dodged            |    17 |    68 |    42 ||   127
